 Dungeon Crawl Stone Soup version 0.25-a0-290-g4a1327ee3a (webtiles) character file.

Game seed: 9980931352131699099, levelgen mode: deterministic

54 Lanoc the Shooter (level 3, 0/33 HPs)
             Began as a Naga Hunter on Dec 13, 2019.
             Hit by a stone thrown by a kobold (2 damage)
             ... on level 2 of the Dungeon.
             The game lasted 00:03:15 (1036 turns).

Lanoc the Shooter (Naga Hunter)                     Turns: 1036, Time: 00:03:16

Health: 0/33       AC:  3    Str: 14    XL:     3   Next: 91%
Magic:  3/3        EV: 10    Int: 11    God:
Gold:   121        SH:  0    Dex: 12    Spells: 2/2 levels left

rFire    . . .     SeeInvis +   a - +1 shortbow
rCold    . . .     Gourm    .   (shield currently unavailable)
rNeg     . . .     Faith    .   c - +0 leather armour
rPois    +         Spirit   .   g - +1 hat
rElec    .         Reflect  .   (no cloak)
rCorr    .         Harm     .   (no gloves)
MR       .....                  (no barding)
Stlth    +.........             (no amulet)
HPRegen  0.11/turn              (no ring)
MPRegen  0.08/turn              (no ring)

@: lethally poisoned (0 -> -8), hasted, quick
A: large, see invisible, deformed body, poison resistance, slowness 2, slow
metabolism 1, spit poison 1, AC +1
a: Spit Poison


You were on level 2 of the Dungeon.
You were not hungry.

You visited 1 branch of the dungeon, and saw 2 of its levels.

You collected 121 gold pieces.

Inventory:

Hand Weapons
 a - a +1 shortbow (weapon)
 b - a +0 hunting sling
 h - a +0 short sword
Missiles
 d - 63 arrows (quivered)
 e - 39 stones
 j - 25 bolts
Armour
 c - a +0 leather armour (worn)
 g - a +1 hat (worn)
Scrolls
 k - a scroll of random uselessness {unknown}
 l - a scroll of immolation {unknown}
Comestibles
 f - 3 rations


   Skills:
 + Level 2.6 Fighting
 * Level 4.3 Bows
 + Level 2.1 Dodging
 - Level 1.5 Stealth


You had 2 spell levels left.
You didn't know any spells.
Your spell library was empty.

Dungeon Overview and Level Annotations

Branches:
Dungeon (2/15)

Altars:


Innate Abilities, Weirdness & Mutations

You cannot wear boots.
Your serpentine skin is tough. (AC +1)
You have supernaturally acute eyesight. (SInv)
Armour fits poorly on your strangely shaped body.
Your system is resistant to poisons. (rPois)
You cover ground very slowly.
You have a slow metabolism.
You can spit poison.


Message History

The adder is almost dead.
You hear a splash.
The adder bites you.
* * * LOW HITPOINT WARNING * * *
You are lethally poisoned!
The adder poisons you!
The kobold throws a stone.
The stone closely misses you.
The stone completely misses the plant.
Firing (i - inventory. (/) - cycle)
d - 64 arrows (quivered)
Press: ? - help, Shift-Dir - straight line, f/p - adder
Aim: an adder (almost dead)
You shoot an arrow.
The arrow hits the adder but does no damage.
The adder is almost dead.
You hear a splash.
You have got your breath back.
* * * LOW HITPOINT WARNING * * *
You feel sick. The adder bites you.
* * * LOW HITPOINT WARNING * * *
The kobold throws a stone.
The stone hits you.
You die... ### . ..♣# ...♣... .....K.## (P≈...♣≈P?P## ≈≈P...≈.♣..P# (P...≈≈≈♣...# ♣ (≈..♣≈♣≈≈≈†@# .. ......≈≈≈♣SP# PP#

#.(...≈≈≈♣.#
PP###
#P.(≈≈≈..#
P...#
.##♣P.♣..P#
P.≈.###.#
#♣((...#
≈≈.≈.≈#.#
#♣P...#
♣≈≈≈PPP.#
##.P.#
PP≈♣≈≈≈P#
#...#


You could see an adder and a kobold.

Vanquished Creatures
  An adder (D:2)
  2 dart slugs (D:1)
  2 ball pythons (D:1)
  5 bats
  6 giant cockroaches
  2 goblins (D:1)
  4 hobgoblins
  4 jackals
  2 quokkas (D:2)
  A kobold (D:1)
  8 rats
37 creatures vanquished.

Notes
Turn   | Place    | Note
-------+----------+-------------------------------------------
     0 | D:1      | Lanoc the Naga Hunter began the quest for the Orb.
     0 | D:1      | Reached XP level 1. HP: 19/19 MP: 1/1
    51 | D:1      | Reached XP level 2. HP: 12/26 MP: 2/2
   389 | D:1      | Reached skill level 4 in Bows
   404 | D:1      | Reached XP level 3. HP: 26/33 MP: 3/3
  1036 | D:2      | Hit by a stone thrown by a kobold

Levels and vault maps discovered:
D:1:      lemuel_arrival_hallway, layout_basic
D:2:      layout_rooms, vehumet_crystals, serial_bayou, serial_bayou_lagoon_a,
          serial_bayou_pond_a, serial_bayou_pond_c, serial_bayou_lake_a,
          kennysheep_pointless_box, lemuel_statue_altar

Skill      XL: |  1  2  3 |
---------------+----------+-----
Bows           | 4 |  4.3
Dodging        | 2 |  2.1
Fighting       | |  2.6
Stealth        | |  1.5

Action                   || total
-------------------------++-------
 Fire: Shortbow          ||    53
       Hunting sling     ||    63
Throw: Stone             ||     4
 Abil: Spit Poison       ||    12
  Use: Potion            ||     2
Armor: Leather armour    ||    27
Dodge: Dodged            ||    54

Table legend:
 A = Non-vault XP
 B = Vault XP
 C = Vault XP percentage of total XP
 D = Non-vault monster count
 E = Vault monster count
 F = Vault count percentage of total count
                 A         B        C        D         E       F
            +---------+---------+-------+---------+---------+-------
      Total |      78 |       0 |   0.0 |      37 |       0 |   0.0
            +---------+---------+-------+---------+---------+-------
        D:1 |      48 |       0 |   0.0 |      27 |       0 |   0.0
        D:2 |      30 |       0 |   0.0 |      10 |       0 |   0.0
            +---------+---------+-------+---------+---------+-------
